 Dungeon Crawl Stone Soup version 0.31.0-12-g77e489cdc1 (webtiles) character file.

Game seed: 12540021551774538299

60273 Killerpretzel the Metamorph (level 14, -13/153 HPs)
             Began as an Octopode Shapeshifter on Feb 24, 2024.
             Was a High Priest of Vehumet.
             Killed from afar by Frances (24 damage)
             ... with a shard of ice
             ... on level 13 of the Dungeon.
             The game lasted 01:04:29 (25004 turns).

Killerpretzel the Metamorph (OpSh)                 Turns: 25004, Time: 01:04:30

Health: -13/153    AC: 35    Str: 15    XL:     14   Next: 98%
Magic:  0/23       EV:  2    Int: 21    God:    Vehumet [*****.]
Gold:   876        SH:  0    Dex: 18    Spells: 9/13 levels left

rFire   . .          .
                       - Unarmed
rCold   . . .        (no shield)
rNeg    + . .        (helmet currently unavailable)
rPois   +            j - amulet of guardian spirit
rElec   .            d - ring of resist corrosion
rCorr   +            k - +4 ring of protection
SInv    .            m - ring of magical power
Will    +....        e - +6 ring of intelligence
Stlth   ++           n - +5 ring of evasion
HPRegen 0.45/turn    C - ring of Qiram {rN+ Int+3 Dex+3}
MPRegen 0.18/turn    q - +4 ring of protection
                     (no ring)

%: guardian spirit
@: tree-form
A: stationary, stasis, torment immunity, boosted hp, almost no armour,
(amphibious), 8 rings, (camouflage 1), (gelatinous body 1), (nimble swimmer 1),
(tentacles)
a: Renounce Religion


You were on level 13 of the Dungeon.
You worshipped Vehumet.
Vehumet was extremely pleased with you.
You were a tree.
You visited 4 branches of the dungeon, and saw 20 of its levels.

You collected 1884 gold pieces.
You spent 1008 gold pieces at shops.

Inventory:

Hand Weapons
 b - a +2 dagger of chaos
 c - a +2 dagger of distortion
Missiles
 a - 7 throwing nets (quivered)
 o - 27 boomerangs
Armour
 y - a +0 buckler
Jewellery
 d - a ring of resist corrosion (left branch)
 e - a +6 ring of intelligence (on tentacle)
 j - an amulet of guardian spirit (around neck)
 k - a +4 ring of protection (right branch)
 m - a ring of magical power (on tentacle)
 n - a +5 ring of evasion (on tentacle)
 q - a +4 ring of protection (on tentacle)
 C - the ring of Qiram (on tentacle) {rN+ Int+3 Dex+3}
   (You acquired it on level 4 of the Lair of Beasts)

   [ring of positive energy]

   Int+3:     It affects your intelligence (+3).
   Dex+3:     It affects your dexterity (+3).
   rN+:       It protects you from negative energy.
Talismans
 h - a beast talisman (active)
 B - a blade talisman
Wands
 f - a wand of quicksilver (2)
 g - a wand of flame (69)
 r - a wand of mindburst (24)
 A - a wand of charming (4)
 H - a wand of digging (3)
Scrolls
 s - 2 scrolls of fog
 t - a scroll of poison
 v - a scroll of enchant armour
 w - a scroll of blinking
 x - 2 scrolls of teleportation
 D - 2 scrolls of immolation
Potions
 l - 3 potions of cancellation
 p - 5 potions of curing
 u - 3 potions of haste
 z - 2 potions of attraction
 E - 8 potions of ambrosia
 F - a potion of enlightenment
 I - 2 potions of lignification
 K - 2 potions of invisibility


   Skills:
 + Level 11.7 Fighting
 + Level 11.8 Dodging
 + Level 12.1 Unarmed Combat
 + Level 4.3 Translocations
 * Level 15.2 Shapeshifting


You had 9 spell levels left.
You knew the following spells:

 Your Spells              Type           Power      Damage    Failure   Level
a - Vhi's Electric Charg  Tloc/Air       18%        N/A       58%         4

Your spell library contained the following spells:

 Spells                   Type           Power      Damage    Failure   Level
 Airstrike                Air            0%         2d(0-16)  41%         4
 Foxfire                  Conj/Fire      0%         2x1d4     5%          1
 Magic Dart               Conj           0%         1d3       5%          1
 Sandblast                Erth           0%         2d4       5%          1
 Scorch                   Fire           0%         2d5       7%          2
 Inner Flame              Hex/Fire       0%         N/A       14%         3
 Stone Arrow              Conj/Erth      0%         3d7       14%         3
 Brom's Barrelling Bould  Conj/Erth      0%         2d3       41%         4
 Flame Wave               Conj/Fire      0%         2d4       41%         4
 Sticky Flame             Fire/Alch      0%         2d4       41%         4
 Passwall                 Erth           0%         N/A       47%         3
 Arcjolt                  Conj/Air       0%         1d10      73%         5
 Freezing Cloud           Conj/Ice/Air   0%         6-21      73%         5
 Lee's Rapid Deconstruct  Erth           0%         3d4*      73%         5
 Anguish                  Hex/Necr       0%         N/A       87%         4
 Cause Fear               Hex            0%         N/A       87%         4
 Leda's Liquefaction      Alch/Erth      0%         N/A       87%         4
 Summon Forest            Summ/Tloc      4%         N/A       90%         5
 Summon Mana Viper        Hex/Summ       0%         N/A       99%         5
 Bombard                  Conj/Erth      0%         9d1       99%         6
 Plasma Beam              Fire/Air       0%         2x1d10    99%         6
 Starburst                Conj/Fire      0%         6d3       99%         6
 Summon Cactus Giant      Summ           0%         N/A       100%        6
 Enfeeble                 Hex            0%         N/A       100%        7
 Maxwell's Capacitive Co  Air            0%         ∞         100%        8


Dungeon Overview and Level Annotations

Branches:
Dungeon (13/15)            Temple (1/1) D:4            Lair (4/5) D:8
 Shoals (0/4) Lair:2        Snake (0/4) Lair:2          Orc (2/2) D:11
    Elf (0/3) Orc:2        Vaults (0/5) D:13
  Slime: Lair:4-5

Altars:
Ashenzari
Cheibriados
Dithmenos
Elyvilon
Fedhas
Gozag
Hepliaklqana
Kikubaaqudgha
Makhleb
Nemelex Xobeh
Okawaru
Qazlal
Ru
Sif Muna
Trog
Uskayaw
Vehumet
Wu Jian
Xom
Yredelemnul
Zin
The Shining One

Shops:
D:4 [   D:5 ?[*=   D:7 =   D:8 (   D:9 [   Orc:1 [   Orc:2 [(=*

Portals:
Bazaar: D:13

Annotations:
D:3 1 runed translucent door, exclusion: door, Crazy Yiuf
D:12 3 runed translucent doors, exclusion: 3 doors, Marvel's ghost, journeyman HOFi
D:13 Frances; Nessos
Lair:3 3 runed translucent doors, exclusion: 3 doors, Nimbul's ghost, journeyman SpWr
Orc:2 2 transporters, 1 exclusion, TangoThomas's ghost, journeyman DsFi


Innate Abilities, Weirdness & Mutations

You are a tree.
Your roots penetrate the ground, keeping you stationary.
You cannot be teleported.
You are immune to unholy pain and torment.
Your maximum health is greatly increased.
You cannot wear most types of armour.
((You are amphibious.))
You can wear up to eight rings at the same time.
((Your skin changes colour to match your surroundings (Stealth+).))
((Your rubbery body absorbs attacks. (AC +1, EV +1)))
((You are camouflaged when in or above water. (Stealth+)))
((You have tentacles for arms and can constrict up to eight enemies at once.))


Message History

The basilisk looks frightened!
Nessos mumbles some strange words.
Nessos blinks!
The boulder beetle leaps!
The centaur warrior looks desperately for an escape route.
Nessos mumbles some strange words.
Nessos blinks!
You barely miss the seven-headed hydra.
The seven-headed hydra is almost dead.
Nessos casts a spell.
Nessos blinks!
Cornered, the seven-headed hydra turns to fight!
Nessos gestures wildly while chanting.
Nessos blinks!
You barely miss the seven-headed hydra.
The seven-headed hydra is almost dead.
Nessos gestures wildly while chanting.
Nessos blinks!
The seven-headed hydra bites you but does no damage. x7
You barely miss the seven-headed hydra.
The seven-headed hydra is almost dead.
The seven-headed hydra bites you but does no damage.
The seven-headed hydra bites you!
* * * LOW HITPOINT WARNING * * *
The seven-headed hydra bites you but does no damage. x2
The seven-headed hydra bites you!
* * * LOW HITPOINT WARNING * * *
The seven-headed hydra bites you but does no damage. x2
The boulder beetle leaps!
You smack the seven-headed hydra!
You kill the seven-headed hydra!
Vehumet accepts your kill.
You feel your power returning.
A torpor snail comes into view.
Being near the torpor snail leaves you feeling lethargic.
You feel better.
You feel yourself speed up.
The basilisk changes into a queen bee!
Frances screams a word of power!
The shard of ice hits you!!
You die...

###
...............
.....H..$w.D...
...............
........y......
.......cz......
### ##### #z#
..# #.#.# #@#
#.# #.#.# #.#
#.# #.#.# #♣#
#.# #.#.# ##.#
#.# #.#.# #..#
#.# #.#.# #.##
#.#
#.#.#######.#
#.#
#...........#
..#
###.....#####
### ###.#.# #
#.#.#


You could see Frances (fast), Nessos (fast), a skeletal warrior, a torpor snail,
a manticore (fleeing), a queen bee shaped shifter (fleeing) and a laughing
skull.

Vanquished Creatures
  An orc warlord (Orc:2)
  Snorg (D:11)
  2 hydras
  5 vault guards (D:13)
  Harold (D:10)
  Erolcha (D:11)
  Fannar (D:11)
  A catoblepas (Lair:2)
  A boulder beetle (Lair:3)
  A centaur warrior (D:13)
  2 two-headed ogres
  2 orc high priests (Orc:2)
  Urug (D:10)
  Sonja (D:11)
  Amaemon (Lair:3)
  2 skysharks
  4 skeletal warriors (D:13)
  5 orc knights
  A lindwurm (Lair:4)
  A deep elf pyromancer (D:13)
  8 orc sorcerers
  An ugly thing (D:12)
  A cyclops (D:11)
  15 elephants
  2 kobold blastminers (Orc:1)
  7 cane toads
  An orange demon (Lair:3)
  5 gargoyles
  Maggie (D:7)
  4 komodo dragons
  A rime drake (Lair:2)
  2 kobold demonologists (D:11)
  Psyche (D:10)
  A tengu conjurer (D:13)
  9 trolls
  2 hornets
  A queen bee (Lair:1)
  3 polar bears (Lair:4)
  A vampire (D:10)
  3 wraiths
  52 yaks
  Sigmund (D:3)
  6 wyverns
  A shadow (D:9)
  A human (D:13)
  3 fire bats (Lair:2)
  2 basilisks (Lair:3)
  2 wargs (Orc:2)
  3 vampire mosquitoes (D:10)
  Edmund (D:5)
  5 nagas (Lair:2)
  An acid dragon (D:12)
  9 water moccasins
  An ice beast (D:5)
  4 sky beasts
  24 orc warriors
  11 ogres
  7 centaurs
  2 phantoms (D:6)
  3 kobold brigands
  7 bullfrogs
  7 wights
  40 killer bees
  8 howler monkeys
  3 bombardier beetles
  3 jellies (D:3)
  2 hounds
  2 gnoll boudas
  12 orc priests
  A sleepcap (D:4)
  4 iguanas
  27 orc wizards
  Robin (D:3)
  11 gnolls
  4 adders
  A white imp (D:7)
  6 ufetubi
  A dart slug (D:5)
  84 orcs
  3 bats
  3 endoplasms
  11 goblins
  9 hobgoblins
  3 jackals (D:4)
  2 quokkas
  4 ball pythons (D:3)
  A frilled lizard (D:2)
  13 kobolds
  3 rats (D:3)
519 creatures vanquished.

Notes
Turn   | Place    | Note
-------+----------+-------------------------------------------
     0 | D:1      | Killerpretzel the Octopode Shapeshifter began the quest for
                  | the Orb.
     0 | D:1      | Reached XP level 1. HP: 13/13 MP: 1/1
    27 | D:1      | You fall into a shaft and drop 1 floor!
    76 | D:2      | Reached XP level 2. HP: 3/18 MP: 2/2
   229 | D:2      | Found a shimmering altar of Xom.
  1159 | D:3      | Found an iron altar of Okawaru.
  1167 | D:3      | Reached XP level 3. HP: 23/23 MP: 3/3
  1274 | D:3      | HP: 1/23 [poisoned by an adder]
  1427 | D:3      | Reached XP level 4. HP: 18/29 MP: 4/4
  1473 | D:3      | Found a shimmering altar of Xom.
  1526 | D:3      | Reached skill level 4 in Shapeshifting
  1594 | D:3      | Noticed Robin
  1597 | D:3      | Reached XP level 5. HP: 29/34 MP: 5/5
  1605 | D:3      | Killed Robin
  1741 | D:3      | Found a runed translucent door.
  1742 | D:3      | Noticed Crazy Yiuf
  1791 | D:3      | Noticed Sigmund
  1802 | D:3      | Killed Sigmund
  1803 | D:3      | Reached XP level 6. HP: 41/41 MP: 6/6
  1927 | D:3      | Found an ornate altar of the Wu Jian Council.
  2454 | D:4      | Found a shadowy altar of Dithmenos.
  2648 | D:4      | Found a staircase to the Ecumenical Temple.
  2657 | Temple   | Entered the Ecumenical Temple
  2682 | D:4      | Found Ejieren's Armour Shop.
  2704 | D:4      | Reached skill level 5 in Shapeshifting
  2704 | D:4      | Reached XP level 7. HP: 15/46 MP: 7/7
  2976 | D:4      | Found a sparkling altar of Nemelex Xobeh.
  3278 | D:5      | Entered Level 5 of the Dungeon
  3430 | D:5      | Found a sacrificial altar of Ru.
  3558 | D:5      | Found Kuumo's Antique Armour Boutique.
  3560 | D:5      | Found Uxti Cuxt's Jewellery Boutique.
  3563 | D:5      | Found Vozohig's Magic Scroll Boutique.
  3565 | D:5      | Found Uvyhur's General Store.
  3879 | D:5      | Noticed Edmund
  3897 | D:5      | Killed Edmund
  4090 | D:5      | Reached XP level 8. HP: 51/54 MP: 8/8
  4436 | D:5      | Reached skill level 5 in Unarmed Combat
  4442 | D:5      | Reached skill level 6 in Shapeshifting
  5268 | D:6      | Found a broken altar of Ashenzari.
  5319 | D:6      | Found a radiant altar of Vehumet.
  5323 | D:6      | Became a worshipper of Vehumet
  5658 | D:6      | Reached skill level 5 in Dodging
  5754 | D:7      | Noticed Maggie
  5765 | D:7      | Killed Maggie
  5766 | D:7      | Reached skill level 7 in Shapeshifting
  5766 | D:7      | Reached XP level 9. HP: 18/60 MP: 5/9
  5784 | D:7      | Reached skill level 5 in Fighting
  5937 | D:7      | Found Himaon's Jewellery Shop.
  6397 | D:7      | Noticed a two-headed ogre
  6738 | D:7      | Reached skill level 8 in Shapeshifting
  7196 | D:8      | Reached * piety under Vehumet
  7196 | D:8      | Offered knowledge of Kiss of Death by Vehumet.
  7210 | D:8      | Found a staircase to the Lair.
  7319 | D:8      | Found a glowing golden altar of the Shining One.
  7319 | D:8      | Found a white marble altar of Elyvilon.
  7319 | D:8      | Found a glowing silver altar of Zin.
  7495 | D:8      | Found Suxecama's Weapon Boutique.
  8098 | D:8      | Reached XP level 10. HP: 58/68 MP: 10/10
  8220 | D:8      | Paralysed by a hornet for 1 turns
  8372 | D:7      | Bought a +5 ring of evasion for 504 gold pieces
  8554 | D:9      | Reached skill level 9 in Shapeshifting
  8828 | D:9      | Reached ** piety under Vehumet
  8953 | D:9      | Found a snail-covered altar of Cheibriados.
  9029 | D:9      | Offered knowledge of Shock by Vehumet.
  9437 | D:9      | Found Qefi's Antique Armour Shop.
  9498 | D:9      | Noticed a two-headed ogre
  9710 | D:9      | Killed a two-headed ogre
  9711 | D:9      | Reached skill level 10 in Shapeshifting
  9763 | D:10     | Entered Level 10 of the Dungeon
  9777 | D:10     | Reached XP level 11. HP: 69/75 MP: 11/11
  9923 | D:10     | Noticed Psyche
 10256 | D:10     | Noticed Urug
 10337 | D:10     | Noticed Harold
 10352 | D:10     | Killed Harold
 10653 | D:10     | Found an ancient bone altar of Kikubaaqudgha.
 10768 | D:10     | Identified the +1 leather armour of Loss {+Blink Int+3}
 10847 | D:10     | Noticed a two-headed ogre
 10857 | D:10     | Killed a two-headed ogre
 11153 | D:11     | Offered knowledge of Frozen Ramparts by Vehumet.
 11200 | D:11     | Noticed Erolcha
 11221 | D:11     | Noticed a four-headed hydra
 11255 | D:11     | Noticed Fannar
 11265 | D:11     | Killed Fannar
 11266 | D:11     | Reached skill level 11 in Shapeshifting
 11440 | D:11     | Noticed Snorg
 11527 | Lair:1   | Entered Level 1 of the Lair of Beasts
 11848 | Lair:1   | Reached *** piety under Vehumet
 11857 | Lair:1   | Reached XP level 12. HP: 75/84 MP: 12/12
 12326 | Lair:1   | Offered knowledge of Olgreb's Toxic Radiance by Vehumet.
 12770 | Lair:2   | Noticed a catoblepas
 13049 | Lair:2   | Found a staircase to the Snake Pit.
 13467 | Lair:2   | Reached skill level 12 in Shapeshifting
 13521 | Lair:2   | Killed a catoblepas
 13843 | Lair:2   | Found a staircase to the Shoals.
 14161 | Lair:3   | Reached **** piety under Vehumet
 14614 | Lair:3   | Offered knowledge of Stone Arrow by Vehumet.
 14691 | Lair:3   | Found a runed translucent gate.
 14692 | Lair:3   | Found a runed translucent gate.
 14692 | Lair:3   | Found a runed translucent gate.
 14700 | Lair:3   | Reached skill level 10 in Unarmed Combat
 14705 | Lair:3   | Noticed Amaemon
 14715 | Lair:3   | Killed Amaemon
 14923 | Lair:3   | Noticed an 11-headed hydra
 14923 | Lair:3   | Noticed Nimbul's ghost (journeyman SpWr)
 14924 | Lair:3   | Noticed a 12-headed hydra
 15332 | Lair:3   | Reached XP level 13. HP: 91/91 MP: 13/13
 15368 | Lair:3   | Reached skill level 10 in Dodging
 15412 | Lair:3   | Reached skill level 13 in Shapeshifting
 15904 | Lair:4   | Found a gate leading to a gauntlet.
 15914 | Lair:4   | Reached skill level 10 in Fighting
 16271 | Lair:4   | Reached ***** piety under Vehumet
 16271 | Lair:4   | Offered knowledge of Orb of Destruction by Vehumet.
 16344 | Lair:4   | Got Kagalox's Volume of Battle Magic
 16967 | Lair:4   | Identified a scroll of acquirement
 16967 | Lair:4   | Acquired the ring of Qiram {rN+ Int+3 Dex+3}
 17323 | D:10     | Killed Psyche
 17350 | D:11     | Killed Snorg
 17488 | D:11     | Noticed Sonja
 17513 | D:11     | Killed Sonja
 17691 | D:11     | Reached skill level 14 in Shapeshifting
 17744 | D:11     | Found a staircase to the Orcish Mines.
 17759 | Orc:1    | Entered Level 1 of the Orcish Mines
 17806 | Orc:1    | Paralysed by an orc sorcerer for 4 turns
 18434 | D:11     | Learned a level 4 spell: Vhi's Electric Charge
 18446 | D:11     | Killed Erolcha
 18810 | D:10     | Killed Urug
 19091 | D:11     | Reached skill level 1 in Translocations
 19091 | D:11     | Reached XP level 14. HP: 87/99 MP: 14/14
 19182 | D:7      | Bought a +4 ring of protection for 504 gold pieces
 19385 | D:12     | Found a runed translucent gate.
 19385 | D:12     | Found a runed translucent gate.
 19391 | D:12     | Found a runed translucent gate.
 19873 | D:12     | Noticed Marvel's ghost (journeyman HOFi)
 20247 | D:13     | Found a gateway to a bazaar.
 21047 | Orc:2    | Entered Level 2 of the Orcish Mines
 21047 | Orc:2    | Found a transporter.
 21383 | Orc:2    | Found Miattowe's Antique Armour Boutique.
 22044 | Orc:2    | Noticed TangoThomas's ghost (journeyman DsFi)
 22310 | Orc:2    | Noticed an orc warlord
 22343 | Orc:2    | Killed an orc warlord
 22484 | Orc:2    | Found Fothy's Jewellery Shoppe.
 22638 | Orc:2    | Found a staircase to the Elven Halls.
 22900 | Orc:2    | Found Ussuec's General Store.
 23133 | Orc:2    | Found a transporter.
 23141 | Orc:2    | Found a bloodstained altar of Trog.
 23244 | Orc:2    | Found Liclerig's Antique Weapon Shop.
 23549 | Orc:1    | Found Dadd's Armour Shop.
 23737 | Orc:2    | Offered knowledge of Airstrike by Vehumet.
 24394 | D:13     | Reached skill level 15 in Shapeshifting
 24810 | D:13     | Found a gate to the Vaults.
 24973 | D:13     | Noticed Nessos
 24996 | D:13     | Noticed Frances
 25002 | D:13     | HP: 5/153 [seven-headed hydra (7)]
 25004 | D:13     | Killed from afar by Frances

Illustrated notes

Levels and vault maps discovered:
D:1:      nzn_arrival_settlement, layout_loops_cross
D:2:      layout_basic, basic_altar
D:3:      layout_basic, nicolae_wu_jian_glorious_leap, okawaru_gym_becter,
          dk_xom_monty_hall, minmay_randomly_rotated_circles, uniq_robin,
          uniq_crazy_yiuf_cottage, uniq_sigmund
D:4:      layout_basic, mainiacjoe_overflow_six_doors_small,
          mainiacjoe_overflow_chevrons, minmay_temple_entry_drinking_statues,
          serial_shops, shop
D:5:      layout_layer_cave, nicolae_ru_great_annihilating_truth,
          minmay_shop_grid_forest, hangedman_glass_teeth,
          minmay_misc_feat_roman, chequers_hall_statues_y, uniq_edmund
D:6:      layout_basic, nicolae_overflow_crystal_walls, marbit_many_paths
D:7:      layout_cave_pools, serial_shops, nicolae_shop_stone,
          minmay_misc_feat_cross, minmay_joined_circles, uniq_maggie
D:8:      layout_cave_pods, dreamdust_divine_triumvirate, lair_entry_dummy,
          serial_shops, kennysheep_mini_moat, minmay_misc_feat_tiny,
          abandoned_shop
D:9:      layout_irregular_city, lemuel_coloured_pillars_altar, serial_shops,
          nicolae_shop_tiny_glass
D:10:     layout_basic, overflow_temple_1_default, uniq_psyche, uniq_urug,
          uniq_harold
D:11:     layout_roguey, hiddenorc1_lemuel, uniq_snorg, uniq_sonja,
          uniq_erolcha, uniq_fannar
D:12:     layout_loops_ring, maelrawn_ghost_gauntlet_escape
D:13:     hourglass_vault, layout_loops_ring, grunt_vaults_entry_fortified,
          serial_shops, bzr_entry_water, uniq_nessos, uniq_frances, uniq_azrael
Temple:   nicolae_temple_bog_church
Lair:1:   layout_roguey [special_room_bee]
Lair:2:   layout_misc_corridors, elwin_shoals_entry_rocks,
          minmay_snake_entry_guardpost_medium, nicolae_volcano_entry_batcave
Lair:3:   layout_cave_pods, gammafunk_ghost_hydra_chop, uniq_amaemon
Lair:4:   layout_gridlike, gauntlet_entry_generic, grunt_megastairs_4
Orc:1:    layout_diamond_mine, serial_shops, shop, mines2_david
Orc:2:    grunt_orc_gardens, layout_diamond_mine, grunt_orc_garden,
          grunt_orc_garden, grunt_orc_garden, grunt_orc_garden,
          gammafunk_ghost_wrathful_warriors, basic_altar, lightli_orcish_oven

Skill      XL: |  1  2  3  4  5  6  7  8  9 10 11 12 13 14 |
---------------+-------------------------------------------+-----
Fighting       | 2 3 4 6 7 8 9 10 11 | 11.7
Shapeshifting  | 4 5 7 8 10 11 12 14 15 | 15.2
Dodging        | 3 4 5 6 7 8 9 11 | 11.8
Unarmed Combat | 4 5 6 8 9 10 11 12 | 12.1
Translocations | 1 4 |  4.3

Action                     |  1- 3 |  4- 6 |  7- 9 | 10-12 | 13-15 || total
---------------------------+-------+-------+-------+-------+-------++-------
  Melee: Unarmed           |    49 |    62 |   286 |   488 |   632 ||  1517
         Constrict         |     9 |    14 |    54 |    56 |    95 ||   228
         Tentacles         |     6 |    16 |    54 |   132 |   158 ||   366
         Punch             |       |     2 |    14 |    39 |    67 ||   122
  Throw: Boomerang         |       |       |    17 |       |       ||    17
         Throwing net      |       |       |       |       |     2 ||     2
  Evoke: Wand              |       |       |     1 |     6 |     5 ||    12
    Use: Scroll            |     4 |     3 |     5 |     4 |    10 ||    26
         Potion            |     1 |     2 |     6 |     7 |     6 ||    22
   Stab: Sleeping          |     3 |     3 |     4 |     6 |     8 ||    24
         Distracted        |       |     1 |       |     1 |       ||     2
         Held in net/web   |       |       |       |       |     2 ||     2
 Armour: Skin              |    29 |    29 |   178 |   207 |   302 ||   745
  Dodge: Dodged            |    28 |    22 |   190 |   411 |   623 ||  1274
   Form: Blade             |       |       |       |     1 |     2 ||     3
         Beast             |       |       |       |       |     3 ||     3
